 Dungeon Crawl Stone Soup version 0.19-a0-1912-g48530cd (webtiles) character file.

18174 AlphabetPasta the Geomancer (level 12, -1/86 HPs)
             Began as a Human Earth Elementalist on Dec 20, 2016.
             Was a Priest of Vehumet.
             Slain by an eight-headed hydra (15 damage)
             ... on level 12 of the Dungeon on Dec 22, 2016.
             The game lasted 01:14:23 (16538 turns).

AlphabetPasta the Geomancer (HuEE)                 Turns: 16538, Time: 01:14:24

Health: -1/86      AC:  5    Str:  9    XL:     12   Next: 91%
Magic:  10/25      EV: 14    Int: 28    God:    Vehumet [***...]
Gold:   101        SH:  5    Dex: 14    Spells: 12/29 levels left

rFire  . . .     SeeInvis .     a - +4 trident (venom)
rCold  . . .     Faith    .     c - +0 robe
rNeg   . . .     Spirit   .     i - +0 buckler
rPois  +         Reflect  .     k - +0 helmet
rElec  .                        (no cloak)
rCorr  +                        g - +1 pair of gloves
MR     .....                    (no boots)
Stlth  +.........               f - amulet of rage
                                q - +4 ring of intelligence
                                G - ring "Haz Ajis" {rCorr rPois Int+4 Stlth-}

@: no status effects
A: no striking features
a: Renounce Religion, Evoke Berserk Rage


You were on level 12 of the Dungeon.
You worshipped Vehumet.
Vehumet was most pleased with you.
You were not hungry.

You visited 2 branches of the dungeon, and saw 13 of its levels.

You collected 760 gold pieces.
You spent 659 gold pieces at shops.

Inventory:

Hand Weapons
 a - a +4 trident of venom (weapon)
Missiles
 b - 1201 stones (quivered)
Armour
 c - a +0 robe (worn)
 g - a +1 pair of gloves (worn)
 i - a +0 buckler (worn)
 k - a +0 helmet (worn)
 z - a +0 shield
Jewellery
 f - an amulet of rage (around neck)
 n - an uncursed ring of protection from fire
 q - a +4 ring of intelligence (right hand)
 u - an uncursed ring of positive energy
 y - an uncursed ring of see invisible
 G - the ring "Haz Ajis" (left hand) {rCorr rPois Int+4 Stlth-}
   (You bought it in a shop on level 10 of the Dungeon)

   [ring of resist corrosion]

   It affects your intelligence (+4).
   It protects you from poison.
   It makes you less stealthy.
Wands
 w - a wand of lightning (0/15)
 x - a wand of lightning (3/15)
 A - a wand of iceblast (5/15)
Scrolls
 j - 5 scrolls of remove curse
 p - 2 scrolls of teleportation
 r - 2 scrolls of amnesia
 v - 3 scrolls of magic mapping
 B - 2 scrolls of fog
 C - a scroll of recharging
 E - 2 scrolls of identify
Potions
 e - 5 potions of curing
 h - 3 potions of brilliance
 l - a potion of haste
 m - a potion of cancellation
 s - a potion of might
 t - 2 potions of agility
 D - a potion of resistance
 F - a potion of ambrosia
Books
 d - a book of Geomancy

   Spells                             Type                      Level
   a - Sandblast                      Earth                        1
   b - Passwall                       Transmutation/Earth          2
   c - Stone Arrow                    Conjuration/Earth            3
   d - Petrify                        Transmutation/Earth          4
   e - Lee's Rapid Deconstruction     Earth                        5
 o - a book of Ice

   Spells                             Type                      Level
   a - Ice Form                       Ice/Transmutation            4
   b - Metabolic Englaciation         Hexes/Ice                    5
   c - Ozocubu's Refrigeration        Ice                          6
   d - Bolt of Cold                   Conjuration/Ice              6
   e - Freezing Cloud                 Conjuration/Ice/Air          6
   f - Simulacrum                     Ice/Necromancy               6


   Skills:
 - Level 5.1 Fighting
 - Level 5.0 Polearms
 + Level 4.2 Armour
 - Level 4.0 Dodging
 - Level 2.0 Stealth
 - Level 4.0 Shields
 + Level 9.3 Spellcasting
 - Level 1.0 Transmutations
 + Level 4.9 Ice Magic
 * Level 13.6 Earth Magic


You had 12 spell levels left.
You knew the following spells:

 Your Spells              Type           Power        Failure   Level  Hunger
a - Sandblast             Erth           ######       0%          1    None
b - Passwall              Tmut/Erth      ######....   1%          2    None
c - Stone Arrow           Conj/Erth      ######       1%          3    None
d - Petrify               Tmut/Erth      ######..     1%          4    None
e - Lee's Rapid Deconstr  Erth           ######....   1%          5    ####...
f - Throw Flame           Conj/Fire      ##....       2%          2    None


Dungeon Overview and Level Annotations

Branches:
Dungeon (12/15)            Temple (1/1) D:6             Orc (0/2) D:8
   Lair: D:-1         Crypt: Vaults:-1     Tomb: Vaults:-1

Altars:
Ashenzari
Cheibriados
Dithmenos
Elyvilon
Fedhas
Gozag
Hepliaklqana
Kikubaaqudgha
Makhleb
Nemelex Xobeh
Okawaru
Qazlal
Ru
Sif Muna
Trog
Uskayaw
Vehumet
Xom
Yredelemnul
Zin
The Shining One

Shops:
D:6 =   D:8 [   D:10 *


Message History

Aiming: Petrify
Press: ? - help, Shift-Dir - straight line, f/p - eight-headed hydra
Aim: an eight-headed hydra (moderately wounded, poisoned, chance to defeat MR: 38%)
The eight-headed hydra resists with some effort.
The eight-headed hydra bites you (3). The eight-headed hydra bites you (13)!
The eight-headed hydra bites you (11)! The eight-headed hydra bites you (6).
* * * LOW HITPOINT WARNING * * *
The eight-headed hydra bites you but does no damage.
The eight-headed hydra bites you (6).
* * * LOW HITPOINT WARNING * * *
The eight-headed hydra completely misses you.
The eight-headed hydra closely misses you.
Okay, then.
Okay, then.
The eight-headed hydra bites you (3).
* * * LOW HITPOINT WARNING * * *
You block the eight-headed hydra's attack.
The eight-headed hydra barely misses you.
The eight-headed hydra bites you (15)!
You die...

#.........######......##......#
#......#..# #......##......#
#......#..# #......##......#
#......#..# #....<.##......#
#......#..# #......##......#
#......#..# #...(..##......#
#......#..# #......##......#
#......#..# #......##(.....#
#@.....##......#
#D.....##......#
#......##......#
#..###.........# #..#
#>.#..###.# #..# #..#..# .#
#..# #..#..# # #..# #..#..#
#..# #..#..#


You could see an eight-headed hydra.

Vanquished Creatures
  Snorg (D:11)
  A hydra (D:11)
  A centaur warrior (D:11)
  Erica (D:8)
  2 unseen horrors
  A hill giant (D:11)
  An ugly thing (D:12)
  A cyclops (D:12)
  A black mamba (D:11)
  A gargoyle (D:10)
  2 spiny frogs (D:11)
  A rime drake (D:11)
  6 trolls
  3 two-headed ogres
  A blink frog (D:11)
  3 slime creatures (D:11)
  4 wyverns
  A spriggan (D:7)
  Sigmund (D:4)
  8 yaks
  A vampire mosquito (D:11)
  Menkaure (D:7)
  An acid dragon (D:11)
  2 wasps (D:9)
  4 ice beasts
  2 spiny frog skeletons
  A blink frog zombie (D:9)
  3 necrophages (D:9)
  11 orc warriors
  5 ogres
  7 centaurs
  2 phantoms (D:10)
  2 blink frog skeletons
  A bullfrog (D:5)
  A gnoll sergeant (D:8)
  A water moccasin zombie (D:8)
  5 scorpions
  A water moccasin skeleton (D:8)
  6 killer bees
  5 howler monkeys
  10 wights
  4 crimson imps
  3 centaur zombies
  4 hounds
  2 orc wizards
  6 human zombies (D:9)
  7 orc priests
  5 centaur skeletons
  3 worker ants
  2 iguanas (D:7)
  A killer bee zombie (D:7)
  A hound skeleton (D:4)
  3 gnolls (D:8)
  8 adders
  2 shadow imps
  2 oozes (D:2)
  An adder skeleton (D:4)
  4 dart slugs
  6 leopard geckos
  38 orcs
  4 bats
  7 giant cockroaches
  6 goblins
  2 hobgoblins (D:1)
  2 kobolds
  5 quokkas
  5 frilled lizards
  A leopard gecko skeleton (D:4)
  An orc zombie (D:9)
  A quokka skeleton (D:4)
  10 rats
259 creatures vanquished.

Vanquished Creatures (others)
  11 fungi
  3 plants
14 creatures vanquished.

Grand Total: 273 creatures vanquished

Notes
Turn   | Place    | Note
-------+----------+-------------------------------------------
     0 | D:1      | AlphabetPasta the Human Earth Elementalist began the quest for the Orb.
     0 | D:1      | Reached XP level 1. HP: 13/13 MP: 3/3
   154 | D:1      | Reached XP level 2. HP: 19/19 MP: 0/5
   158 | D:1      | Learned a level 2 spell: Passwall
   654 | D:1      | Learned a level 2 spell: Passwall
   916 | D:1      | Reached XP level 3. HP: 25/25 MP: 2/6
   921 | D:1      | Learned a level 3 spell: Stone Arrow
  1090 | D:2      | Reached skill level 1 in Fighting
  1331 | D:2      | Reached XP level 4. HP: 32/32 MP: 3/7
  1379 | D:2      | Found an opulent altar of Gozag.
  1435 | D:2      | Reached skill level 1 in Polearms
  1443 | D:2      | Reached skill level 4 in Earth Magic
  1927 | D:3      | Found a shattered altar of Ashenzari.
  2676 | D:4      | Reached XP level 5. HP: 27/37 MP: 2/9
  2793 | D:4      | Reached skill level 1 in Shields
  2841 | D:4      | Noticed Sigmund
  2849 | D:4      | Killed Sigmund
  2849 | D:4      | Reached skill level 5 in Earth Magic
  2849 | D:4      | Reached XP level 6. HP: 24/43 MP: 3/10
  3022 | D:4      | Found a blossoming altar of Fedhas.
  3425 | D:5      | Entered Level 5 of the Dungeon
  3630 | D:5      | Reached XP level 7. HP: 14/48 MP: 2/12
  4049 | D:5      | Reached skill level 6 in Earth Magic
  4340 | D:5      | Reached skill level 1 in Armour
  4340 | D:5      | Reached XP level 8. HP: 48/54 MP: 7/14
  4346 | D:5      | Learned a level 4 spell: Petrify
  4352 | D:5      | Learned a level 5 spell: Lee's Rapid Deconstruction
  4468 | D:5      | Found a glowing golden altar of the Shining One.
  5449 | D:6      | Found a staircase to the Ecumenical Temple.
  5453 | D:6      | Reached skill level 7 in Earth Magic
  5458 | D:6      | Found Epoofuev's Jewellery Shop.
  5461 | Temple   | Entered the Ecumenical Temple
  5489 | Temple   | Became a worshipper of Vehumet
  5578 | D:6      | Bought an uncursed ring of poison resistance for 260 gold pieces
  6093 | D:6      | Found a sacrificial altar of Ru.
  6284 | D:7      | Reached skill level 5 in Spellcasting
  6288 | D:7      | Reached XP level 9. HP: 25/59 MP: 3/16
  6403 | D:7      | Reached skill level 8 in Earth Magic
  6667 | D:7      | Found a bloodstained altar of Trog.
  7282 | D:7      | Noticed Menkaure
  7286 | D:7      | Killed Menkaure
  7286 | D:7      | Reached skill level 9 in Earth Magic
  7893 | D:7      | Reached * piety under Vehumet
  7893 | D:7      | Offered knowledge of Magic Dart by Vehumet.
  8121 | D:7      | Reached XP level 10. HP: 27/67 MP: 11/19
  8504 | D:8      | Noticed Erica
  8513 | D:8      | Killed Erica
  8513 | D:8      | Reached skill level 10 in Earth Magic
  9025 | D:8      | Found a staircase to the Orcish Mines.
  9025 | D:8      | Found Inoihuaguh's Armour Boutique.
  9174 | D:8      | Offered knowledge of Shock by Vehumet.
  9295 | D:6      | Bought an uncursed ring of see invisible for 195 gold pieces
  9736 | D:8      | Found a shimmering altar of Xom.
  9736 | D:8      | Found a basalt altar of Yredelemnul.
  9835 | D:9      | Reached ** piety under Vehumet
 10441 | D:9      | Reached skill level 11 in Earth Magic
 10659 | D:9      | Reached XP level 11. HP: 71/73 MP: 9/22
 10997 | D:9      | Found an ancient bone altar of Kikubaaqudgha.
 11179 | D:9      | Offered knowledge of Throw Flame by Vehumet.
 11469 | D:9      | Reached *** piety under Vehumet
 11473 | D:9      | Learned a level 2 spell: Throw Flame
 11550 | D:10     | Entered Level 10 of the Dungeon
 11885 | D:10     | Found Noazommo's Assorted Antiques.
 11888 | D:10     | Bought a scroll labeled BIESOM EJORRO for 34 gold pieces
 11888 | D:10     | Bought a coiled ivory ring for 170 gold pieces
 11889 | D:10     | Identified the ring "Haz Ajis" {rCorr rPois Int+4 Stlth-} (You bought it in a shop on level 10 of the Dungeon)
 12306 | D:10     | Reached skill level 12 in Earth Magic
 12759 | D:10     | Reached skill level 1 in Ice Magic
 12813 | D:10     | Offered knowledge of Airstrike by Vehumet.
 12924 | D:10     | Noticed an unseen horror
 12940 | D:10     | Killed an unseen horror
 13478 | D:11     | Noticed a hill giant
 13702 | D:11     | Noticed Snorg
 13731 | D:11     | Killed Snorg
 13731 | D:11     | Reached XP level 12. HP: 81/81 MP: 12/24
 14401 | D:11     | Noticed a centaur warrior
 14406 | D:11     | Killed a centaur warrior
 14406 | D:11     | Reached skill level 5 in Fighting
 14406 | D:11     | Reached skill level 13 in Earth Magic
 14409 | D:11     | Noticed a six-headed hydra
 14629 | D:11     | Killed a six-headed hydra
 14697 | D:11     | Noticed an unseen horror
 14706 | D:11     | Killed an unseen horror
 14877 | D:11     | Reached **** piety under Vehumet
 15073 | D:11     | HP: 1/86 [black mamba (7)]
 15750 | D:12     | Reached skill level 5 in Polearms
 16516 | D:12     | Noticed an eight-headed hydra
 16538 | D:12     | Slain by an eight-headed hydra

Vault maps used:
D:1:      saegor_arrival_under_anarchy
D:2:      grunt_gozag_statues
D:3:      nicolae_ashenzari_panopticon, serial_curves, eino_curves_02,
          eino_curves_04
D:4:      fedhas_altar_2, first_bread, serial_glass, glass_columns_a,
          glass_columns_a, glass_columns_b, glass_columns_a, abandoned_shop,
          minmay_misc_feat_pillars, uniq_sigmund
D:5:      kennysheep_six_static_rooms, tso_metal_star
D:6:      nicolae_ru_path_of_blood, serial_shops, shop,
          corexii_item_surrounded_by_moat
D:7:      minmay_misc_feat_five, hangedman_decor_opposing, the_bakery,
          trog_three_pillars_becter, uniq_menkaure
D:8:      gammafunk_temple_overflow_elements, orc_david_3, uniq_erica
D:9:      lemuel_mausoleum_altar_kikubaaqudgha, wad_floor_pattern_untrapped
D:10:     serial_shops, kennysheep_mini, st_stairs_2
D:11:     uniq_snorg
Temple:   jpeg_temple_clearing

Skill      XL: |  1  2  3  4  5  6  7  8  9 10 11 12 |
---------------+-------------------------------------+-----
Fighting       | 1 2 3 4 5 |  5.1
Polearms       | 1 2 3 4 5 |  5.0
Earth Magic    | 4 5 6 7 9 11 12 13 | 13.6
Shields        | 2 4 |  4.0
Spellcasting   | 3 4 5 6 7 8 9 |  9.3
Armour         | 1 3 4 |  4.2
Dodging        | 3 4 |  4.0
Ice Magic      | 2 4 |  4.9
Stealth        | |  2.0
Transmutations | |  1.0

Action                   |  1- 3 |  4- 6 |  7- 9 | 10-12 || total
-------------------------+-------+-------+-------+-------++-------
Melee: Spear             |    23 |    17 |       |       ||    40
       Trident           |       |       |     6 |   284 ||   290
 Cast: Sandblast         |    44 |   103 |   165 |   108 ||   420
       Stone Arrow       |       |     1 |    40 |   125 ||   166
       Lee's Rapid Decon |       |       |       |    30 ||    30
       Petrify           |       |       |       |    42 ||    42
       Throw Flame       |       |       |       |     9 ||     9
Evoke: Wand              |       |       |       |     4 ||     4
  Use: Scroll            |     4 |     6 |     6 |    10 ||    26
       Potion            |       |       |     2 |     2 ||     4
 Stab: Sleeping          |     2 |     6 |     2 |     3 ||    13
       Petrified         |       |       |       |   190 ||   190
       Petrifying        |       |       |       |     4 ||     4
Armor: Robe              |    10 |    15 |    12 |    33 ||    70
Dodge: Dodged            |    34 |    42 |    55 |   102 ||   233
Block: Buckler           |       |     8 |    24 |    30 ||    62
